 Dungeon Crawl Stone Soup version 0.23-a0-338-g8ff0b24 (webtiles) character file.

131 Loudmushroom the Skirmisher (level 5, -14/33 HPs)
             Began as a Gargoyle Fighter on Oct 18, 2018.
             Demolished by an ogre
             ... wielding a +0 giant spiked club
              (19 damage)
             ... on level 4 of the Dungeon.
             The game lasted 00:11:51 (3346 turns).

Loudmushroom the Skirmisher (Gargoyle Fighter)      Turns: 3346, Time: 00:11:52

Health: -14/33     AC: 15    Str: 21    XL:     5   Next: 14%
Magic:  5/5        EV:  4    Int:  8    God:
Gold:   184        SH:  9    Dex:  9    Spells: 4/4 levels left

rFire    . . .     SeeInvis .   a - +0 war axe
rCold    . . .     Gourm    .   c - +0 shield
rNeg     + . .     Faith    .   b - +0 plate armour
rPois    ∞         Spirit   .   (no helmet)
rElec    +         Reflect  .   (no cloak)
rCorr    .         Harm     .   (no gloves)
MR       .....                  (no boots)
Stlth    ..........             (no amulet)
HPRegen  0.11/turn              (no ring)
MPRegen  0.09/turn              (no ring)

@: no status effects
A: negative energy resistance 1, electricity resistance, unbreathing,
petrification resistance, rot immunity, AC +4
a: no special abilities


You were on level 4 of the Dungeon.
You were not hungry.

You visited 1 branch of the dungeon, and saw 4 of its levels.

You collected 184 gold pieces.

Inventory:

Hand Weapons
 a - a +0 war axe (weapon)
 t - a +0 flail
Missiles
 i - 59 stones (quivered)
 n - 18 poisoned needles
 p - 9 sling bullets
Armour
 b - a +0 plate armour (worn)
 c - a +0 shield (worn)
 m - a cursed +0 chain mail
Jewellery
 e - a cursed ring of attention {unknown}
Scrolls
 g - 2 scrolls of blinking {unknown}
 h - 2 scrolls of enchant armour {unknown}
 j - 4 scrolls of teleportation {unknown}
 k - a scroll of fear {unknown}
 o - 3 scrolls of identify {unknown}
 r - 2 scrolls of fog {unknown}
 s - 2 scrolls of remove curse {unknown}
 u - a scroll of amnesia {unknown}
 y - a scroll of enchant weapon {unknown}
Potions
 d - a potion of might
 l - a potion of ambrosia {unknown}
 q - a potion of cancellation {unknown}
 v - a potion of curing {unknown}
 w - a potion of agility {unknown}
 x - a potion of flight {unknown}
Comestibles
 f - 3 rations
 z - 2 chunks of flesh


   Skills:
 + Level 4.0 Fighting
 * Level 3.2 Axes
 + Level 4.0 Armour
 + Level 4.0 Shields


You had 4 spell levels left.
You didn't know any spells.
Your spell library was empty.

Dungeon Overview and Level Annotations

Branches:
Dungeon (4/15)
 Temple: D:4-7

Altars:


Innate Abilities, Weirdness & Mutations

You are resistant to torment.
Your stone body is resilient. (AC +4)
You are immune to poison.
You resist negative energy. (rN+)
You are resistant to electric shocks. (rElec)
You can survive without breathing.
You are immune to petrification.
You are immune to rotting.


Message History

The ogre is heavily wounded.
The ogre hits you with a +0 giant spiked club!
* * * LOW HITPOINT WARNING * * *
Your plate armour prevents you from hitting the ogre.
The ogre is heavily wounded.
The ogre hits you but does no damage.
You hit the ogre but do no damage.
The ogre is heavily wounded.
You block the ogre's attack.
You hit the ogre but do no damage.
The ogre is heavily wounded.
You block the ogre's attack.
You hit the ogre.
The ogre is severely wounded.
You block the ogre's attack.
You hit the ogre.
The ogre is severely wounded.
The ogre hits you with a +0 giant spiked club!!
Ouch! That really hurt!
You die...

#.÷.########.....
#...# #### ...
#...###.... .
#.......#
#####...#..####
#.......#.....#
#.........###.#
#.......#####.#
#...[##......@##
#....#######.O.#
# #....#
###..##....
######
#..........
#.....#.#..[..#
..####??....###
...###.# .....
... #..... ...


You could see an ogre.

Vanquished Creatures
  An orc priest (D:3)
  4 adders
  An ooze (D:2)
  3 worms (D:2)
  2 dart slugs
  9 orcs (D:3)
  A bat (D:2)
  A giant cockroach (D:2)
  2 goblins (D:2)
  6 hobgoblins
  A quokka (D:2)
  5 frilled lizards
  3 kobolds
  5 rats
44 creatures vanquished.

Notes
Turn   | Place    | Note
-------+----------+-------------------------------------------
     0 | D:1      | Loudmushroom the Gargoyle Fighter began the quest for the
                  | Orb.
     0 | D:1      | Reached XP level 1. HP: 14/14 MP: 1/1
   751 | D:1      | Reached XP level 2. HP: 17/19 MP: 2/2
  1344 | D:2      | Reached XP level 3. HP: 15/23 MP: 3/3
  1589 | D:2      | Found a faded altar of an unknown god.
  1656 | D:2      | Reached XP level 4. HP: 29/29 MP: 4/4
  2326 | D:3      | Reached XP level 5. HP: 33/33 MP: 5/5
  3333 | D:4      | Noticed an ogre
  3346 | D:4      | Demolished by an ogre

Vault maps used:
D:1:      minmay_arrival_four_houses
D:2:      first_ration, chequers_ecumenical_altar_simple
D:3:      chequers_garden, kennysheep_generic_room_10

Skill      XL: |  1  2  3  4 |
---------------+-------------+-----
Axes           | 2 3 |  3.2
Fighting       | 4 |  4.0
Shields        | 4 |  4.0
Armour         | 4 |  4.0

Action                   |  1- 3 |  4- 6 || total
-------------------------+-------+-------++-------
Melee: War axe           |    84 |    89 ||   173
  Eat: Chunk             |     2 |     3 ||     5
       Ration            |       |     1 ||     1
Armor: Scale mail        |     3 |       ||     3
       Chain mail        |    51 |     4 ||    55
       Plate armour      |       |    47 ||    47
Dodge: Dodged            |    22 |    20 ||    42
Block: Shield            |    46 |    40 ||    86

Table legend:
 A = Non-vault XP
 B = Vault XP
 C = Vault XP percentage of total XP
 D = Non-vault monster count
 E = Vault monster count
 F = Vault count percentage of total count
                 A         B        C        D         E       F
            +---------+---------+-------+---------+---------+-------
      Total |     186 |       2 |   1.1 |      43 |       1 |   2.3
            +---------+---------+-------+---------+---------+-------
        D:1 |      10 |       0 |   0.0 |       5 |       0 |   0.0
        D:2 |      84 |       0 |   0.0 |      22 |       0 |   0.0
        D:3 |      77 |       2 |   2.5 |      13 |       1 |   7.1
        D:4 |      15 |       0 |   0.0 |       3 |       0 |   0.0
            +---------+---------+-------+---------+---------+-------
